 Dungeon Crawl Stone Soup version 0.19.0-11-g3fc08b3 (webtiles) character file.

125 scurvy the Skirmisher (level 4, -1/41 HPs)
             Began as a Minotaur Fighter on Nov 8, 2016.
             Slain by inmateoo's ghost (7 damage)
             ... on level 3 of the Dungeon.
             The game lasted 00:38:59 (1709 turns).

scurvy the Skirmisher (Minotaur Fighter)            Turns: 1709, Time: 00:38:59

Health: -1/41      AC:  7    Str: 27    XL:     4   Next: 82%
Magic:  3/3        EV:  8    Int:  7    God:
Gold:   168        SH: 10    Dex:  9    Spells: 0 memorised, 3 levels left

rFire  . . .     SeeInvis .     a - +0 war axe
rCold  . . .     Gourm    .     b - +0 scale mail
rNeg   . . .     Faith    .     c - +0 shield
rPois  .         Spirit   .     (helmet restricted)
rElec  .         Reflect  .     (no cloak)
rCorr  .         Harm     .     (no gloves)
MR     .....                    (no boots)
Stlth  ..........               (no amulet)
                                (no ring)
                                m - +2 ring of intelligence

@: mighty
A: retaliatory headbutt, horns 2
a: no special abilities


You were on level 3 of the Dungeon.
You were not hungry.

You visited 1 branch of the dungeon, and saw 3 of its levels.

You collected 168 gold pieces.

Inventory:

Hand Weapons
 a - a +0 war axe (weapon)
 e - a +0 dagger
 h - a +2 short sword of venom
 i - a +0 dagger
 j - a +0 dagger
 n - a +0 short sword
 u - a +0 club
 v - a +0 hunting sling
Missiles
 g - 73 stones (quivered)
 q - 15 poisoned needles
 w - 15 bolts
 x - 26 sling bullets
Armour
 b - a +0 scale mail (worn)
 c - a +0 shield (worn)
 s - a +0 robe
 y - a +0 ring mail
Jewellery
 m - a +2 ring of intelligence (left hand)
Scrolls
 o - 2 scrolls of identify
Potions
 p - a potion of degeneration {unknown}
 r - 2 potions of curing {unknown}
 t - a potion of brilliance {unknown}
 z - 2 potions of haste {unknown}
 A - 3 potions of mutation {unknown}
Books
 k - a book of Cantrips

   Spells                             Type                      Level
   a - Confusing Touch                Hexes                        1
   b - Animate Skeleton               Necromancy                   1
   c - Summon Small Mammal            Summoning                    1
   d - Apportation                    Translocation                1
Comestibles
 f - a bread ration
 l - a meat ration
 B - 3 fruits


   Skills:
 + Level 4.6 Fighting
 + Level 4.2 Axes
 + Level 4.0 Armour
 + Level 0.4 Dodging
 + Level 4.5 Shields


You had 3 spell levels left.
You didn't know any spells.

Dungeon Overview and Level Annotations

Branches:
Dungeon (3/15)

Altars:
Nemelex Xobeh

Annotations:
D:3 inmateoo's ghost, amateur FeAK


Innate Abilities, Weirdness & Mutations

You reflexively headbutt those who attack you in melee.
You have a pair of horns on your head.


Message History

You kill the jackal!
Inmateoo's ghost hits you! Inmateoo's ghost hits you.
You closely miss inmateoo's ghost.
Inmateoo's ghost is heavily damaged.
Inmateoo's ghost hits you!
* * * LOW HITPOINT WARNING * * *
You feel very mighty all of a sudden. You block inmateoo's ghost's attack.
You barely miss inmateoo's ghost. Your headbutt misses inmateoo's ghost.
Inmateoo's ghost is heavily damaged.
Inmateoo's ghost closely misses you. Inmateoo's ghost hits you.
* * * LOW HITPOINT WARNING * * *
Press: ? - help, v - describe, . - travel, g - get item
Here: inmateoo's ghost (heavily damaged)
A jackal corpse.
The floor.
You barely miss inmateoo's ghost. Your headbutt misses inmateoo's ghost.
Inmateoo's ghost is heavily damaged.
Inmateoo's ghost hits you!
You die...

#.<.....#######
#..................
#................(.
##..............$..
#.................
#......†..........
#..............$..
#.........W†......
#.........@.......
#.................
#...............%.
#########+######..
.


You could see inmateoo's ghost.

Vanquished Creatures
  Ijyb (D:2)
  2 adders (D:2)
  An ooze (D:1)
  2 adder zombies (D:1)
  3 worms (D:2)
  2 dart slugs
  A leopard gecko (D:2)
  A giant cockroach (D:2)
  14 goblins
  2 hobgoblins
  7 jackals
  A quokka (D:2)
  3 ball pythons
  4 bats
  3 frilled lizards
  7 kobolds
  4 rats
  2 bushes (D:1)
  2 plants (D:1)
62 creatures vanquished.

Notes
Turn   | Place    | Note
-------+----------+-------------------------------------------
     0 | D:1      | scurvy the Minotaur Fighter began the quest for the Orb.
     0 | D:1      | Reached XP level 1. HP: 19/19 MP: 0/0
   104 | D:1      | Reached XP level 2. HP: 23/27 MP: 1/1
   337 | D:2      | Learned a level 1 spell: Apportation
   438 | D:2      | Reached XP level 3. HP: 30/33 MP: 2/2
   802 | D:2      | Found a sparkling altar of Nemelex Xobeh.
   853 | D:2      | Noticed Ijyb
   863 | D:2      | Killed Ijyb
   863 | D:2      | Reached XP level 4. HP: 31/41 MP: 3/3
  1697 | D:3      | Noticed inmateoo's ghost (amateur FeAK)
  1709 | D:3      | Slain by inmateoo's ghost

Skill      XL: |  1  2  3  4 |
---------------+-------------+-----
Shields        | 4 |  4.5
Fighting       | 4 |  4.6
Axes           | 3 4 |  4.2
Armour         | 4 |  4.0
Dodging        | |  0.4

Action                   |  1- 3 |  4- 6 || total
-------------------------+-------+-------++-------
Melee: War axe           |   149 |    86 ||   235
       Headbutt          |    30 |    15 ||    45
  Use: Scroll            |     2 |     2 ||     4
       Potion            |       |     1 ||     1
  Eat: Bread ration      |       |     1 ||     1
       Beef jerky        |       |     1 ||     1
       Chunk             |       |     1 ||     1
Armor: Scale mail        |    42 |    39 ||    81
Dodge: Dodged            |    24 |    19 ||    43
Block: Shield            |    49 |    46 ||    95
